 Dungeon Crawl Stone Soup version 0.21-a0-39-g28ea6b7 (webtiles) character file.

1809 TheGoonsmith the Geomancer (level 9, -2/45 HPs)
             Began as a Gargoyle Earth Elementalist on June 1, 2017.
             Was a Follower of Vehumet.
             Shot with an arrow by a centaur (5 damage)
             ... on level 7 of the Dungeon.
             The game lasted 00:20:06 (7900 turns).

TheGoonsmith the Geomancer (GrEE)                   Turns: 7900, Time: 00:20:07

Health: -2/45      AC: 11    Str: 12    XL:     9   Next: 10%
Magic:  4/15       EV: 11    Int: 19    God:    Vehumet [*.....]
Gold:   250        SH:  0    Dex: 10    Spells: 3/16 levels left

rFire    + + .     SeeInvis .   r - +0 morningstar
rCold    . . .     Gourm    .   (no shield)
rNeg     + . .     Faith    .   A - +2 leather armour {MR+}
rPois    ∞         Spirit   .   (no helmet)
rElec    +         Reflect  .   (no cloak)
rCorr    +         Harm     .   (no gloves)
MR       ++...                  F - +0 pair of boots of Uzeim {rF++} (curse)
Stlth    ++........             (no amulet)
Regen    0.2/turn               n - ring of protection from magic
MPRegen  0.2/turn               B - ring of resist corrosion

@: very slightly contaminated
A: negative energy resistance 1, electricity resistance, unbreathing,
petrification resistance, rot immunity, AC +5
a: Renounce Religion


You were on level 7 of the Dungeon.
You worshipped Vehumet.
Vehumet was aware of your devotion.
You were hungry.

You visited 2 branches of the dungeon, and saw 8 of its levels.
You also visited: Sewer.

You collected 250 gold pieces.

Inventory:

Hand Weapons
 f - a +0 short sword
 l - a +0 whip
 r - a +0 morningstar (weapon)
Missiles
 b - 94 stones (quivered)
Armour
 c - a +1 robe
 A - a +2 leather armour of magic resistance (worn)
 F - the cursed +0 pair of boots of Uzeim (worn) {rF++}
   (You found it on level 5 of the Dungeon)

   It greatly protects you from fire.
   It has a curse placed upon it.
Jewellery
 n - a ring of protection from magic (left hand)
 B - a ring of resist corrosion (right hand)
 I - a +6 amulet of reflection {unknown}
Wands
 w - a wand of digging (17/24)
 x - a wand of iceblast (7/15)
Scrolls
 j - 3 scrolls of remove curse
 s - a scroll of recharging
 u - a scroll of fog
 v - a scroll of teleportation
 y - 2 scrolls of blinking
 E - a scroll of identify
 H - a scroll of enchant armour
Potions
 h - 2 potions of lignification
 i - 5 potions of curing
 k - 2 potions of haste
 m - 6 potions of brilliance
 o - a potion of magic {unknown}
 p - a potion of might {unknown}
 q - a potion of cancellation {unknown}
 t - a potion of heal wounds {unknown}
 z - a potion of flight {unknown}
 C - 2 potions of degeneration {unknown}
 J - a potion of experience {unknown}
Books
 e - a book of Geomancy

   Spells                             Type                      Level
   a - Sandblast                      Earth                        1
   b - Passwall                       Transmutation/Earth          2
   c - Stone Arrow                    Conjuration/Earth            3
   d - Petrify                        Transmutation/Earth          4
   e - Lee's Rapid Deconstruction     Earth                        5
Comestibles
 a - a meat ration
 d - 6 bread rations
 g - 6 fruits
 D - a royal jelly


   Skills:
 - Level 1.5 Dodging
 - Level 2.1 Stealth
 + Level 4.0 Spellcasting
 - Level 3.0 Transmutations
 - Level 12.2 Earth Magic


You had 3 spell levels left.
You knew the following spells:

 Your Spells              Type           Power        Failure   Level  Hunger
a - Sandblast             Erth           ######       1%          1    None
b - Petrify               Tmut/Erth      ####....     8%          4    ####...
x - Stone Arrow           Conj/Erth      ####..       4%          3    ###....
z - Lee's Rapid Deconstr  Erth           ######....   3%          5    ######.


Dungeon Overview and Level Annotations

Branches:
Dungeon (7/15)             Temple (1/1) D:4

Altars:
Cheibriados
Dithmenos
Fedhas
Nemelex Xobeh
Okawaru
Qazlal
Ru
Trog
Uskayaw
Vehumet
Xom
The Shining One

Annotations:
D:7 Dowan, Duvessa


Innate Abilities, Weirdness & Mutations

You are resistant to torment.
Your stone body is resilient. (AC +5)
You are immune to poison.
You resist negative energy. (rN+)
You are resistant to electric shocks. (rElec)
You can survive without breathing.
You are immune to petrification.
You are immune to rotting.


Message History

Aim: a centaur, wielding a shortbow (severely wounded)
You miscast Stone Arrow.
You are very lightly contaminated with residual magic.
Nothing appears to happen.
The centaur shoots an arrow.
The arrow hits you but does no damage.
The centaur shoots an arrow.
The arrow hits you!
Dowan gestures at Duvessa while chanting.
Duvessa seems to speed up.
The centaur shoots an arrow.
The arrow hits you!
* * * LOW HITPOINT WARNING * * *
Dowan drinks a potion.
Dowan suddenly seems more agile.
You see here an arrow.
The centaur shoots an arrow.
The arrow hits you!
* * * LOW HITPOINT WARNING * * *
You see here an arrow.
Duvessa completely misses you.
Duvessa hits you with a short sword of speed.
* * * LOW HITPOINT WARNING * * *
The centaur shoots an arrow.
The arrow hits you.
You die...

#.....).......%..#...
##..#####............
#.... ##...(..(.....
.......#.....(....#..
......................
...........#....c...e#[#
...........#....(e...#.#
.......................#
....#.>..@.......
..####.####.#.. #. .###
.. # .#. .... ## #. ..


You could see Duvessa, Dowan and a centaur.

Vanquished Creatures
  A phantom (D:6)
  A sky beast (D:5)
  An ice beast (D:6)
  4 ogres
  A bullfrog (D:6)
  Blork the orc (D:5)
  4 wights (D:6)
  A howler monkey (D:3)
  2 crimson imps (D:7)
  3 jellies
  5 orc priests
  3 orc wizards
  Ijyb (D:3)
  An iguana (D:4)
  6 worker ants
  13 adders
  3 shadow imps
  An ooze (D:2)
  An adder zombie (D:6)
  An adder skeleton (D:5)
  3 worms
  2 dart slugs
  24 orcs
  5 ball pythons
  7 giant cockroaches
  4 hobgoblins
  10 jackals
  17 kobolds
  8 bats
  9 frilled lizards
  8 goblins
  A leopard gecko skeleton (D:4)
  A leopard gecko zombie (D:6)
  12 rats
165 creatures vanquished.

Vanquished Creatures (others)
  A wizard (D:5)
1 creature vanquished.

Grand Total: 166 creatures vanquished

Notes
Turn   | Place    | Note
-------+----------+-------------------------------------------
     0 | D:1      | TheGoonsmith the Gargoyle Earth Elementalist began the quest for the Orb.
     0 | D:1      | Reached XP level 1. HP: 10/10 MP: 3/3
   210 | D:1      | Reached skill level 4 in Earth Magic
   339 | D:1      | Reached XP level 2. HP: 15/15 MP: 1/5
  1169 | D:2      | Found a shimmering altar of Xom.
  1170 | D:2      | Found a shimmering altar of Xom.
  1262 | D:2      | Reached skill level 5 in Earth Magic
  1262 | D:2      | Reached XP level 3. HP: 19/19 MP: 3/6
  1352 | D:2      | Learned a level 3 spell: Stone Arrow
  1675 | D:2      | Reached XP level 4. HP: 17/24 MP: 7/7
  1872 | D:2      | Reached skill level 6 in Earth Magic
  2096 | D:3      | Found a glowing drain.
  2117 | Sewer    | Entered a sewer
  2229 | Sewer    | Reached XP level 5. HP: 20/28 MP: 8/8
  2978 | D:3      | Noticed Ijyb
  2989 | D:3      | Reached skill level 7 in Earth Magic
  3054 | D:3      | Killed Ijyb
  3054 | D:3      | Reached XP level 6. HP: 15/32 MP: 0/10
  3422 | D:3      | Found a sparkling altar of Nemelex Xobeh.
  3671 | D:3      | Learned a level 5 spell: Lee's Rapid Deconstruction
  3833 | D:4      | Found a staircase to the Ecumenical Temple.
  3845 | Temple   | Entered the Ecumenical Temple
  3893 | Temple   | Became a worshipper of Vehumet
  3920 | D:4      | Reached skill level 8 in Earth Magic
  4101 | D:4      | Found a snail-covered altar of Cheibriados.
  4405 | D:4      | Reached XP level 7. HP: 16/36 MP: 4/11
  4518 | D:4      | Found a stormy altar of Qazlal.
  4647 | D:4      | Found a glowing golden altar of the Shining One.
  4648 | D:4      | Found a sacrificial altar of Ru.
  4701 | D:4      | Reached * piety under Vehumet
  4701 | D:4      | Offered knowledge of Sting by Vehumet.
  5136 | D:5      | Entered Level 5 of the Dungeon
  5245 | D:5      | Noticed Blork the orc
  5248 | D:5      | Killed Blork the orc
  5248 | D:5      | Reached skill level 9 in Earth Magic
  5739 | D:5      | Found a bloodstained altar of Trog.
  5740 | D:5      | Noticed a wizard
  5745 | D:5      | Killed a wizard
  5975 | D:5      | Got a pair of spiked boots
  5981 | D:5      | Identified the cursed +0 pair of boots of Uzeim {rF++} (You found it on level 5 of the Dungeon)
  6021 | D:6      | Reached skill level 10 in Earth Magic
  6132 | D:6      | Reached XP level 8. HP: 33/41 MP: 4/12
  6324 | D:6      | Reached skill level 11 in Earth Magic
  6816 | D:6      | Reached skill level 12 in Earth Magic
  6825 | D:6      | Learned a level 4 spell: Petrify
  6881 | D:6      | Reached skill level 1 in Transmutations
  7153 | D:6      | Found a shadowy altar of Dithmenos.
  7314 | D:6      | Found a hide-covered altar of Uskayaw.
  7634 | D:7      | Reached XP level 9. HP: 40/45 MP: 0/13
  7894 | D:7      | Noticed Duvessa
  7895 | D:7      | Noticed Dowan
  7900 | D:7      | Shot with an arrow by a centaur

Vault maps used:
D:1:      dpeg_arrival_round_a
D:2:      xom_redecorated, first_bread
D:3:      cheibrodos_sewer_entry_drain, nemelex_lonely_heart_becter, uniq_ijyb
D:4:      kennysheep_little_box, nicolae_overflow_hidden_temple,
          cheibriados_altar_1, minmay_temple_entry_steel_oval
D:5:      trog_wizard, uniq_blork_the_orc
D:6:      kennysheep_mini_moat, grunt_dithmenos_smoke_and_mirrors
D:7:      grunt_ogre_cave, nemelex_dance_club_becter, uniq_duvessa
Temple:   nicolae_temple_figure_eight
Sewer:    sewer_co_scattered_pipes

Skill      XL: |  1  2  3  4  5  6  7  8  9 |
---------------+----------------------------+-----
Earth Magic    | 4 5 6 7 8 10 12 | 12.2
Spellcasting   | 3 4 |  4.0
Transmutations | 3 |  3.0
Dodging        | |  1.5
Stealth        | |  2.1

Action                   |  1- 3 |  4- 6 |  7- 9 || total
-------------------------+-------+-------+-------++-------
Melee: Short sword       |    92 |   223 |       ||   315
       Morningstar       |       |    28 |   153 ||   181
 Cast: Sandblast         |    16 |    85 |    10 ||   111
       Stone Arrow       |       |     5 |    58 ||    63
       Lee's Rapid Decon |       |       |     4 ||     4
  Use: Scroll            |       |    10 |     1 ||    11
 Stab: Sleeping          |     5 |     2 |     1 ||     8
  Eat: Chunk             |     3 |     7 |     9 ||    19
       Royal jelly       |       |     1 |       ||     1
       Meat ration       |       |       |     2 ||     2
Armor: Robe              |    38 |   101 |       ||   139
       Leather armour    |       |    30 |   105 ||   135
Dodge: Dodged            |    67 |   225 |   122 ||   414
